 Dungeon Crawl Stone Soup version 0.18-a0-721-g8fc53f4 (webtiles) character file.

6 Raultor the Skirmisher (level 1, -2/20 HPs)
             Began as a Minotaur Berserker on Dec 8, 2015.
             Was a Follower of Trog.
             Slain by a gnoll
             ... wielding a +0 halberd
              (15 damage)
             ... on level 1 of the Dungeon.
             The game lasted 00:00:37 (254 turns).

Raultor the Skirmisher (Minotaur Berserker)          Turns: 254, Time: 00:00:38

Health: -2/20      AC:  3    Str: 21    XL:     1   Next: 75%
Magic:  0/0        EV: 12    Int:  4    God:    Trog [*.....]
Gold:   15         SH:  0    Dex:  9    Spells: 0 memorised, 0 levels left

rFire  . . .     SeeInvis .     a - +0 hand axe
rCold  . . .     Clarity  .     d - +0 leather armour
rNeg   . . .     SustAt   .     (no shield)
rPois  .         Gourm    .     (helmet restricted)
rElec  .         Spirit   .     (no cloak)
rCorr  .         Dismiss  .     (no gloves)
rMut   .         Stasis   .     (no boots)
MR     .....                    (no amulet)
Stlth  +.........               (no ring)
                                (no ring)

@: not resistant to hostile enchantments, very unstealthy
A: retaliatory headbutt, horns 2
a: Berserk, Burn Spellbooks, Renounce Religion


You were on level 1 of the Dungeon.
You worshipped Trog.
Trog was aware of your devotion.
You were not hungry.

You visited 1 branch of the dungeon, and saw 1 of its levels.

You collected 15 gold pieces.

Inventory:

Hand Weapons
 a - a +0 hand axe (weapon)
Armour
 d - a +0 leather armour (worn)
   (You found it on level 1 of the Dungeon)
Comestibles
 c - a bread ration {@e1}


   Skills:
 + Level 3.8 Fighting
 * Level 3.8 Axes
 + Level 2.4 Armour
 + Level 2.4 Dodging


You couldn't memorise any spells.
You didn't know any spells.

Dungeon Overview and Level Annotations

Branches:
Dungeon (1/15)

Altars:


Innate Abilities, Weirdness & Mutations

You reflexively headbutt those who attack you in melee.
You have a pair of horns on your head.


Message History

You hit the kobold. You headbutt the kobold.
You kill the kobold!
Trog accepts your kill.
No target in view!
No target in view!
A rat comes into view.
The rat bites you but does no damage.
You closely miss the rat. The rat barely misses you. You furiously retaliate!
You headbutt the rat!
You kill the rat!
Trog accepts your kill.
No target in view!
No target in view!
As you open the door, it creaks loudly!
There is an open door here.
You now have 15 gold pieces.
You open the door.
There is an open door here.
You open the door.
There is an open door here.
As you open the door, it creaks loudly!
There is an open door here.
There is an open door here.
There is an open door here.
A goblin comes into view. It is wielding a club.
The goblin shouts!
Health restored: 20 A goblin is nearby!
The goblin completely misses you.
You barely miss the goblin. You headbutt the goblin.
You kill the goblin!
Trog accepts your kill.
No target in view!
No target in view!
You see here 20 stones.
A rat comes into view.
The rat bites you.
You take 1 damage, and have 19/20 hp.
You closely miss the rat. The rat misses you. You furiously retaliate!
You headbutt the rat. You barely miss the rat. The rat misses you.
You furiously retaliate!
You headbutt the rat.
You kill the rat!
Trog accepts your kill.
No target in view!
You see here a rat corpse.
You see here 8 needles of confusion.
A rat comes into view.
Health restored: 20 The rat completely misses you.
You hit the rat.
You kill the rat!
Trog accepts your kill.
No target in view!
No target in view!
You see here a leather armour.
d - a leather armour Wear which item? (? for menu, Esc to quit)
You start removing your armour.
You continue taking off your +0 animal skin. x4
You finish taking off your +0 animal skin.
You start putting on your armour.
You continue putting on your leather armour. x5
You finish putting on your +0 leather armour.
Drop what? 4/52 slots (_ for help) (? for menu, Esc to quit)
You drop a +0 animal skin.
You enter a teleport trap!
The teleport trap disappears.
Your surroundings suddenly seem different.
You see here a club.
A bat comes into view.
The bat barely misses you. You furiously retaliate!
You headbutt the bat!
You kill the bat!
Trog accepts your kill.
No target in view!
No target in view!
No target in view!
No target in view!
Found a stone staircase leading down.
No target in view!
There is a stone staircase leading down here.
A goblin comes into view. It is wielding a club.
The goblin shouts!
A gnoll comes into view. It is wielding a halberd.
The gnoll shouts!
The goblin hits you with a club.
You take 3 damage, and have 17/20 hp.
You closely miss the goblin. The goblin hits you with a club.
You take 2 damage, and have 15/20 hp.
You barely miss the goblin. Your headbutt misses the goblin.
The goblin barely misses you.
You hit the goblin but do no damage. The gnoll barely misses you.
The goblin hits you with a club.
You take 2 damage, and have 13/20 hp.
You slash the goblin!
You kill the goblin!
Trog accepts your kill.
The gnoll hits you from afar with a halberd!
Ouch! That really hurt!
You die...

######### ........#
........# #####
........# #.>..
........############.###
.....g)@.............#
.......#.........###.#
.......#.........# #.#
.......#.........# #.#
.......#.######### #.#
.......#.# #.###
.......#.# #.#..
.......#.. .#.. #..


You could see a gnoll.

Vanquished Creatures
  A kobold (D:1)
  A bat (D:1)
  2 goblins (D:1)
  3 rats (D:1)
7 creatures vanquished.

Notes
Turn   | Place    | Note
--------------------------------------------------------------
     0 | D:1      | Raultor the Minotaur Berserker began the quest for the Orb.
     0 | D:1      | Reached XP level 1. HP: 19/19 MP: 0/0
   254 | D:1      | Slain by a gnoll

Vault maps used:
D:1:      sevenhm_arrival_forest_fort_large_4

Action                   || total
-------------------------++-------
Melee: Hand axe          ||    10

Vault maps used:
D:1:      sevenhm_arrival_forest_fort_large_4

Table legend:
 A = Turns spent in this place as a percentage of turns spent in the entire game.
 B = Non-inter-level travel turns spent in this place as a percentage of non-inter-level travel turns spent in the entire game.
 C = Inter-level travel turns spent in this place as a percentage of turns spent in this place.
 D = Turns resting spent in this place as a percentage of non-inter-level travel turns spent in this place.
 E = Turns spent auto-exploring this place as a percentage of non-inter-level travel turns spent in this place.
 F = Non-inter-level travel turns spent in this place divided by the number of levels of this place that you've seen.
                   A       B       C       D       E      F
               +-------+-------+-------+-------+-------+----------------------
         Total | 100.0 | 100.0 |   0.0 |   0.0 |  15.5 |  58.0
       Dungeon | 100.0 | 100.0 |   0.0 |   0.0 |  15.5 |  58.0
               +-------+-------+-------+-------+-------+----------------------

Table legend:
 A = Kills in this place as a percentage of kills in entire the game.
 B = Kills by you in this place as a percentage of kills by you in the entire game.
 C = Kills by friends in this place as a percentage of kills by friends in the entire game.
 D = Other kills in this place as a percentage of other kills in the entire game.
 E = Experience gained in this place as a percentage of experience gained in the entire game.
 F = Experience gained in this place divided by the number of levels of this place that you have seen.
                   A       B       C       D       E      F
               +-------+-------+-------+-------+-------+----------------------
         Total | 100.0 | 100.0 |  -nan |  -nan | 100.0 |   9.0
       Dungeon | 100.0 | 100.0 |  -nan |  -nan | 100.0 |   9.0
               +-------+-------+-------+-------+-------+----------------------
